 Dungeon Crawl Stone Soup version 0.24-a0-230-g536ed4e33c (webtiles) character file.

Game seed: 5214737764317987606

404 Redear the Ducker (level 6, 0/43 HPs)
             Began as an Octopode Fighter on Apr 3, 2019.
             Slain by a river rat (4 damage)
             ... in a sewer.
             The game lasted 00:14:45 (3113 turns).

Redear the Ducker (Octopode Fighter)                Turns: 3113, Time: 00:14:46

Health: 0/43       AC:  1    Str: 16    XL:     6   Next: 86%
Magic:  6/6        EV: 15    Int: 10    God:
Gold:   141        SH:  0    Dex: 13    Spells: 5/5 levels left

rFire    . . .     SeeInvis .   C - +1 short sword (speed)
rCold    . . .     Gourm    .   (no shield)
rNeg     . . .     Faith    .   (helmet restricted)
rPois    .         Spirit   .   (no amulet)
rElec    .         Reflect  .   W - ring of wizardry (curse) {Wiz+}
rCorr    .         Harm     .   (no ring)
MR       .....                  (no ring)
Stlth    +++.......             (no ring)
HPRegen  0.14/turn              (no ring)
MPRegen  0.10/turn              (no ring)
                                (no ring)
                                (no ring)

@: confused, lethally poisoned (0 -> -1), hasted, very quick
A: almost no armour, stealthy swim, amphibious, 8 rings, constrict 8, tentacle
spike 1, camouflage 1, gelatinous body 1, subdued magic 1
a: no special abilities


You were in a sewer.
You were not hungry.

You visited 1 branch of the dungeon, and saw 4 of its levels.
You also visited: Sewer.

You collected 141 gold pieces.

Inventory:

Hand Weapons
 a - a +0 long sword
 v - a +0 hunting sling
 x - a +1 spear of chaos
 y - a +0 club of chaos
 z - a +0 dagger of chaos
 A - a +1 trident of venom
 C - a +1 short sword of speed (weapon)
Missiles
 g - 69 sling bullets
 h - 64 stones (quivered)
 t - 3 throwing nets {=f}
 H - 75 arrows
 I - 9 poisoned needles
 Q - 32 bolts
Armour
 b - a +0 shield
Magical Staves
 E - an uncursed staff of wizardry {wiz+, !a}
Jewellery
 c - a cursed -5 ring of intelligence {unknown}
 m - a +4 ring of protection {unknown}
 B - a +2 ring of dexterity {unknown}
 W - a cursed ring of wizardry (left tentacle) {Wiz+}
Scrolls
 i - a scroll of identify
 j - a scroll of fog {unknown}
 k - 3 scrolls of remove curse
 l - a scroll of blinking {unknown}
 o - a scroll of enchant armour {unknown}
 q - 2 scrolls of teleportation {unknown}
 r - a scroll of fear {unknown}
 w - a scroll of random uselessness {unknown}
 D - 2 scrolls of amnesia {unknown}
Potions
 e - a potion of haste
 f - a potion of agility {unknown}
 p - 2 potions of flight
 s - a potion of ambrosia
 u - a potion of degeneration {unknown}
 F - a potion of curing {unknown}
 G - a potion of heal wounds {unknown}
Comestibles
 d - 8 rations


   Skills:
 + Level 4.2 Fighting
 + Level 3.6 Long Blades
 + Level 4.2 Dodging
 + Level 4.0 Stealth
 + Level 4.2 Shields


You had 5 spell levels left.
You didn't know any spells.
Your spell library was empty.

Dungeon Overview and Level Annotations

Branches:
Dungeon (4/15)
 Temple: D:4-7

Altars:
Elyvilon
Uskayaw
Xom


Innate Abilities, Weirdness & Mutations

You cannot wear most types of armour.
You are very stealthy in the water. (Stealth+)
You are amphibious.
You can wear up to eight rings at the same time.
You can use your tentacles to constrict eight enemies at once.
Your skin changes colour to match your surroundings (Stealth+).
Your rubbery body absorbs attacks. (AC +1, EV +1)
One of your tentacles bears a spike.
Your spells are a little easier to cast, but a little less powerful.


Message History

You pierce the river rat, but do no damage.
You constrict the river rat, but do no damage.
You feel sick. The river rat bites you!
* * * LOW HITPOINT WARNING * * *
You take 8 damage, and have 2/43 hp.
Okay, then.
Unknown command.
Okay, then.
Okay, then.
Okay, then.
Okay, then.
Unknown command.
Here: a river rat (water, severely wounded, constricted by you)
An adder corpse.
Some deep water.
Okay, then.
Unknown command.
You are confused.
You feel invigorated.
You constrict the river rat. The river rat bites you.
You die...

#...†..≈≈≈≈≈≈≈≈≈≈≈≈≈≈≈....#
#....######################
##...## #†..## #...# #...##
##...##
#....####################
#.....#≈≈≈@r≈≈≈≈≈≈≈†≈≈..#
##.....≈≈≈≈r≈≈≈≈≈≈≈≈≈≈....#
#.....≈≈≈≈≈≈≈≈≈r≈≈rr≈.....
#.....≈≈≈#≈≈≈≈r≈r≈≈≈≈.....
##....≈≈≈≈≈≈≈≈rr≈≈≈≈≈.....
###.#≈≈≈≈≈≈.≈≈≈≈≈≈≈≈#....
####################... #..


You could see 2 river rats and 5 rats.

Levels and vault maps discovered:
D:1:      lightli_arrival_windingriver, layout_basic, minmay_tromino_i2
D:2:      layout_rooms, chequers_ecumenical_altar_island, elyvilon_altar_1
D:3:      layout_loops_ring, nicolae_overflow_crystal_walls,
          corexii_corridor_pit, tgw_xom
D:4:      layout_cave_pools, gup_sewer_entry_glass, serial_bayou_pond_d
Sewer:    sewer_minmay_w

Notes
Turn   | Place    | Note
-------+----------+-------------------------------------------
     0 | D:1      | Redear the Octopode Fighter began the quest for the Orb.
     0 | D:1      | Reached XP level 1. HP: 16/16 MP: 1/1
    22 | D:1      | Identified a +0 dagger
    57 | D:1      | Identified a +0 club
   107 | D:1      | Reached XP level 2. HP: 21/21 MP: 2/2
   119 | D:1      | Reached skill level 1 in Stealth
   198 | D:1      | Identified a +0 short sword
   351 | D:1      | Identified a +0 dagger
   496 | D:1      | Identified a +0 short sword
   580 | D:1      | Identified a +0 club
   612 | D:1      | Reached XP level 3. HP: 26/26 MP: 3/3
   689 | D:1      | Identified a +0 club
   757 | D:2      | Identified a +0 club
   806 | D:2      | Identified a +0 club
   829 | D:2      | Found a white marble altar of Elyvilon.
   894 | D:2      | Identified a +0 club
   984 | D:2      | Reached skill level 2 in Stealth
   984 | D:2      | Reached XP level 4. HP: 31/31 MP: 4/4
  1029 | D:2      | Found a faded altar of an unknown god.
  1030 | D:2      | Identified a +0 club
  1151 | D:2      | Identified a +0 dagger
  1278 | D:3      | Identified a +0 whip
  1280 | D:3      | Identified a cursed +0 club
  1282 | D:3      | Identified a +0 club
  1379 | D:3      | Found a hide-covered altar of Uskayaw.
  1380 | D:3      | Identified a +0 dagger
  1399 | D:3      | Identified a +0 spear
  1401 | D:3      | Identified a +0 whip
  1420 | D:3      | HP: 5/31 [gnoll/+0 spear (7)]
  1667 | D:3      | Identified a ring of wizardry (You found it on level 1 of
                  | the Dungeon)
  1683 | D:3      | Reached XP level 5. HP: 27/36 MP: 5/5
  1951 | D:3      | Identified a +0 hunting sling
  1953 | D:3      | Reached skill level 3 in Long Blades
  1958 | D:3      | Identified a +0 long sword
  1970 | D:3      | Identified a +0 club
  1973 | D:3      | Identified a +0 hand axe
  1973 | D:3      | Identified a +0 chain mail
  1973 | D:3      | Identified a +0 dagger
  1973 | D:3      | Identified a +0 robe
  1982 | D:3      | Reached skill level 3 in Stealth
  2094 | D:3      | Identified a +0 club
  2124 | D:3      | Identified a +0 short sword
  2144 | D:3      | Identified a +0 dagger of chaos
  2146 | D:3      | Identified a +1 spear of chaos
  2149 | D:3      | Identified a +0 club of chaos
  2269 | D:3      | Found a shimmering altar of Xom.
  2397 | D:3      | Identified a +0 dagger
  2435 | D:3      | Reached XP level 6. HP: 43/43 MP: 6/6
  2490 | D:3      | Identified a +1 short sword of speed (You found it on level
                  | 3 of the Dungeon)
  2701 | D:3      | Identified a +1 trident of venom (You found it on level 3
                  | of the Dungeon)
  2765 | D:4      | Identified a +0 shortbow
  2765 | D:4      | Identified a +2 centaur barding
  2772 | D:4      | Identified 5 scrolls of identify
  2772 | D:4      | Identified 2 potions of haste
  2773 | D:4      | Identified 2 potions of flight
  2774 | D:4      | Identified 2 potions of ambrosia
  2775 | D:4      | Identified a potion of mutation
  2776 | D:4      | Identified 3 scrolls of remove curse
  2777 | D:4      | Gained mutation: Your spells are a little easier to cast,
                  | but a little less powerful. [potion of mutation]
  2777 | D:4      | Gained mutation: One of your tentacles bears a spike.
                  | [potion of mutation]
  2783 | D:4      | Reached skill level 4 in Fighting
  2783 | D:4      | Reached skill level 4 in Dodging
  2783 | D:4      | Reached skill level 4 in Shields
  2796 | D:4      | Identified a +0 hand axe
  2836 | D:4      | Identified a +0 short sword
  2836 | D:4      | Identified a +0 chain mail
  2891 | D:4      | Identified a +0 ring mail
  2990 | D:4      | Found a glowing drain.
  3011 | Sewer    | Entered a sewer
  3104 | Sewer    | Reached skill level 4 in Stealth
  3111 | Sewer    | HP: 10/43 [river rat (9)]
  3112 | Sewer    | HP: 2/43 [river rat (7)]
  3113 | Sewer    | Slain by a river rat

Table legend:
 A = Turns spent in this place as a percentage of turns spent in the entire game.
 B = Non-inter-level travel turns spent in this place as a percentage of non-inter-level travel turns spent in the entire game.
 C = Inter-level travel turns spent in this place as a percentage of turns spent in this place.
 D = Turns resting spent in this place as a percentage of non-inter-level travel turns spent in this place.
 E = Turns spent auto-exploring this place as a percentage of non-inter-level travel turns spent in this place.
 F = Non-inter-level travel turns spent in this place divided by the number of levels of this place that you've seen.
                   A       B       C       D       E      F
               +-------+-------+-------+-------+-------+----------------------
         Total | 100.0 | 100.0 |   6.0 |  15.9 |  54.8 | 585.4
       Dungeon |  96.7 |  96.5 |   6.2 |  16.4 |  56.3 | 706.2
         Sewer |   3.3 |   3.5 |   0.0 |   0.0 |  14.7 | 102.0
               +-------+-------+-------+-------+-------+----------------------

Table legend:
 A = Kills in this place as a percentage of kills in entire the game.
 B = Kills by you in this place as a percentage of kills by you in the entire game.
 C = Kills by friends in this place as a percentage of kills by friends in the entire game.
 D = Other kills in this place as a percentage of other kills in the entire game.
 E = Experience gained in this place as a percentage of experience gained in the entire game.
 F = Experience gained in this place divided by the number of levels of this place that you have seen.
                   A       B       C       D       E      F
               +-------+-------+-------+-------+-------+----------------------
         Total | 100.0 | 100.0 |   N/A |   N/A | 100.0 | 115.6
       Dungeon |  87.6 |  87.6 |   N/A |   N/A |  91.3 | 132.0
         Sewer |  12.4 |  12.4 |   N/A |   N/A |   8.7 |  50.0
               +-------+-------+-------+-------+-------+----------------------

Skill      XL: |  1  2  3  4  5  6 |
---------------+-------------------+-----
Stealth        | 1 2 3 4 |  4.0
Long Blades    | 3 |  3.6
Fighting       | 4 |  4.2
Dodging        | 4 |  4.2
Shields        | 4 |  4.2

Action                   |  1- 3 |  4- 6 || total
-------------------------+-------+-------++-------
Melee: Long sword        |    47 |    66 ||   113
       Constrict         |    16 |    41 ||    57
       Tentacles         |    12 |    26 ||    38
       Dagger            |       |    10 ||    10
       Short sword       |       |    56 ||    56
       Kick              |       |    26 ||    26
Throw: Stone             |       |     1 ||     1
  Use: Potion            |       |     4 ||     4
       Scroll            |       |     5 ||     5
 Stab: Sleeping          |    11 |    12 ||    23
  Eat: Chunk             |       |     7 ||     7
Armor: Skin              |     6 |     7 ||    13
Dodge: Dodged            |    28 |    79 ||   107
       Rpst.: Long sword |    14 |    16 ||    30

Vanquished Creatures
  A centaur (D:4)
  An iguana (D:4)
  An orc wizard (D:3)
  A worker ant (D:4)
  6 gnolls
  9 adders
  A river rat (Sewer)
  2 worms (D:2)
  A leopard gecko (D:3)
  7 orcs
  4 ball pythons
  11 bats
  10 giant cockroaches
  12 goblins
  8 hobgoblins
  8 kobolds
  2 quokkas
  2 frilled lizards
  10 rats
97 creatures vanquished.
